AoeStats
← Quack

Highland

503908278Analyzed
2v2 RM · 29d ago on Sep 3, 2026· 63m 21s· 4 players
Game mode
Random Map
Map size
Medium (4 player)
Population
200
Speed
Normal
Resources
Standard
Victory
Conquest
Starting age
Dark Age
Ending age
Imperial Age
RankedLock teamsTeams togetherTeam positionsShared explorationLock speedFull tech treeHidden civsTurbo modeCheats
Victory
Defeat
🇺🇸 Celts · United States
974
+16
🇺🇸 Magyars · United States
951
+17
🇵🇪 Koreans · Peru
993
-17
🇵🇪 Japanese · Peru
971
-16
rarekittenz67
5:42 Loom
10:43 Feudal Age
13:02 Double-Bit Axe
17:06 Horse Collar
22:20 Castle Age
23:21 Gold Mining
23:43 Bow Saw
23:57 Heavy Plow
25:42 Crossbowman
26:19 Fletching
28:16 Bodkin Arrow
31:33 Wheelbarrow
33:33 Hand Cart
37:45 Imperial Age
36:56 Fervor
41:25 Parthian Tactics
40:21 Heavy Cavalry Archer
41:07 Bracer
42:04 Corvinian Army
41:26 Elite Magyar Huszar
43:57 Recurve Bow
44:50 Conscription
45:33 Thumb Ring
46:34 Ballistics
47:18 Chemistry
47:45 Two-Man Saw
50:16 Bloodlines
50:07 Husbandry
51:13 Scale Barding Armor
55:12 Caravan
57:39 Town Watch
64:20 Hoardings
ArrestedZeus
8:21 Loom
10:41 Feudal Age
11:08 Double-Bit Axe
11:04 Horse Collar
10:47 Man-at-Arms
14:25 Forging
17:08 Scale Mail Armor
21:04 Castle Age
20:11 Arson
21:24 Wheelbarrow
21:55 Bow Saw
21:46 Heavy Plow
21:11 Elite Skirmisher
22:09 Fletching
22:20 Padded Archer Armor
23:50 Hand Cart
24:18 Leather Archer Armor
24:22 Stone Mining
25:06 Gambesons
24:42 Long Swordsman
28:03 Stone Shaft Mining
28:17 Treadmill Crane
29:38 Iron Casting
29:19 Chain Mail Armor
31:21 Ballistics
32:32 Murder Holes
32:48 Masonry
32:49 Fortified Wall
32:38 Gold Mining
33:01 Town Watch
37:34 Imperial Age
35:51 Stronghold
36:25 Town Patrol
37:35 Capped Ram
38:25 Siege Engineers
39:22 Chemistry
38:45 Conscription
39:19 Hoardings
40:04 Bodkin Arrow
39:50 Siege Ram
41:23 Gold Shaft Mining
43:03 Blast Furnace
42:33 Plate Mail Armor
44:09 Furor Celtica
44:35 Elite Woad Raider
46:02 Caravan
46:12 Guilds
50:10 Onager
51:47 Siege Onager
53:36 Heavy Scorpion
Quack
10:44 Feudal Age
9:51 Loom
11:13 Double-Bit Axe
12:15 Wheelbarrow
22:10 Castle Age
20:30 Fletching
21:11 Gold Mining
21:05 Horse Collar
23:43 Thumb Ring
24:09 Crossbowman
25:49 Bodkin Arrow
29:47 Ballistics
29:42 Bow Saw
35:23 Imperial Age
32:59 Elite Skirmisher
33:47 Scale Mail Armor
33:57 Forging
36:30 Bracer
36:54 Gambesons
37:22 Heavy Plow
38:49 Arbalester
41:52 Chemistry
41:29 Hand Cart
44:10 Treadmill Crane
45:19 Gold Shaft Mining
45:47 Two-Man Saw
46:23 Town Watch
47:28 Iron Casting
47:16 Stone Mining
48:00 Conscription
47:55 Elite Fire Lancer
50:21 Stone Shaft Mining
50:15 Eupseong
49:46 Man-at-Arms
50:27 Squires
60:37 Husbandry
Kappachero
11:41 Feudal Age
17:28 Castle Age
15:10 Man-at-Arms
18:21 Long Swordsman
18:47 Gambesons
19:02 Squires
19:20 Loom
22:05 Thumb Ring
27:10 Horse Collar
27:36 Double-Bit Axe
27:56 Arson
30:01 Forging
29:51 Scale Mail Armor
32:03 Pikeman
38:56 Imperial Age
37:03 Wheelbarrow
36:30 Heavy Plow
36:33 Elite Skirmisher
39:55 Hand Cart
39:37 Two-Handed Swordsman
42:02 Champion
44:00 Conscription
45:31 Ballistics
46:11 Chemistry
45:53 Iron Casting
45:33 Chain Mail Armor
45:08 Fletching
45:19 Padded Archer Armor
48:47 Halberdier
52:33 Blast Furnace
52:03 Plate Mail Armor
51:30 Bodkin Arrow
51:52 Leather Archer Armor
60:11 Elite Samurai
60:33 Elite Samurai
Connection lost

Rejoining the realm…

Still unreachable

The connection could not be restored.

Session expired

The server has moved on; the page needs a fresh start.